 Dungeon Crawl Stone Soup version 0.20-a0-809-gaf7f668 (webtiles) character file.

10769 Gorglomux the Cleaver (level 11, -3/104 HPs)
             Began as a Deep Dwarf Berserker on Mar 3, 2017.
             Was a High Priest of Trog.
             Slain by Sonja
             ... wielding a +2 dagger of distortion
              (18 damage)
             ... on level 1 of the Lair of Beasts.
             The game lasted 00:30:51 (8521 turns).

Gorglomux the Cleaver (Deep Dwarf Berserker)        Turns: 8521, Time: 00:30:52

Health: -3/104     AC: 19    Str: 23    XL:     11   Next: 40%
Magic:  23/23      EV: 12    Int:  8    God:    Trog [*****.]
Gold:   397        SH:  0    Dex: 13    Spells: 10/10 levels left

rFire    . . .     SeeInvis +   e - +2 broad axe (flame)
rCold    . . .     Gourm    .   l - +5 chain mail
rNeg     . . .     Faith    .   (no shield)
rPois    .         Spirit   .   (no helmet)
rElec    .         Reflect  .   r - +0 cloak
rCorr    .         Harm     .   u - +0 pair of gloves
MR       +....                  q - +0 pair of boots
Stlth    ..........             L - amulet of rage
Regen    0.0/turn               H - ring of magical power
MPRegen  0.2/turn               s - ring of see invisible

@: about to teleport, non-regenerating
A: damage resistance, heal wounds, sense surroundings 2, no regeneration
a: Heal Wounds, Berserk, Trog's Hand, Brothers in Arms, Burn Spellbooks,
Renounce Religion, Evoke Berserk Rage


You were on level 1 of the Lair of Beasts.
You worshipped Trog.
Trog was extremely pleased with you.
You were not hungry.

You visited 2 branches of the dungeon, and saw 11 of its levels.
You also visited: Ossuary.

You collected 750 gold pieces.
You spent 353 gold pieces at shops.

Inventory:

Hand Weapons
 b - a +0 blowgun
 e - a +2 broad axe of flaming (weapon)
Missiles
 h - 4 curare-tipped needles
 v - 4 exploding tomahawks (quivered)
 F - 61 poisoned needles
 U - 7 javelins
Armour
 l - a +5 chain mail (worn)
 q - a +0 pair of boots (worn)
 r - a +0 cloak (worn)
 u - a +0 pair of gloves (worn)
Jewellery
 o - an uncursed ring of positive energy
 s - a ring of see invisible (left hand)
 H - a ring of magical power (right hand)
 L - an amulet of rage (around neck)
Wands
 C - a wand of confusion (22/48)
Scrolls
 k - a scroll of silence
 x - 2 scrolls of noise {unknown}
 B - 2 scrolls of blinking
 E - 2 scrolls of enchant weapon {unknown}
 J - a scroll of torment {unknown}
 K - a scroll of recharging {unknown}
 M - a scroll of magic mapping
 S - a scroll of fog
 T - 3 scrolls of teleportation
 V - 3 scrolls of remove curse
 X - a scroll of brand weapon {unknown}
Potions
 i - 3 potions of lignification
 n - 5 potions of curing
 p - 2 potions of mutation
 t - a potion of invisibility
 w - 3 potions of might
 z - 4 potions of agility
 D - 2 potions of ambrosia
 Q - 2 potions of flight
 Y - 6 potions of haste
 Z - 3 potions of berserk rage
Comestibles
 c - 9 bread rations
 d - 4 chunks of flesh
 g - 6 meat rations
 j - 12 fruits
 O - 8 royal jellies


   Skills:
 + Level 8.3 Fighting
 + Level 12.9 Axes
 - Level 8.0 Armour
 - Level 8.0 Dodging
 + Level 5.8 Evocations


You had 10 spell levels left.
You didn't know any spells.

Dungeon Overview and Level Annotations

Branches:
Dungeon (10/15)            Temple (0/1) D:6            Lair (1/6) D:10
    Orc: D:9-12

Altars:
Elyvilon
Fedhas
Makhleb
Nemelex Xobeh
Okawaru
Ru
Trog
The Shining One

Shops:
D:4 ((!(

Annotations:
Lair:1 Sonja


Innate Abilities, Weirdness & Mutations

You are resistant to damage.
You can heal yourself by infusing magical energy.
You passively map the area around you.
You do not regenerate.


Message History

Sonja hits you but does no damage. Space bends around you.
* * * LOW HITPOINT WARNING * * *
Sonja hits you but does no damage.
You feel strangely unstable.
You miss Sonja.
Sonja is lightly wounded.
Sonja hits you but does no damage. Space warps horribly around you!
* * * LOW HITPOINT WARNING * * *
Sonja hits you but does no damage. Space bends around you.
* * * LOW HITPOINT WARNING * * *
Sonja closely misses you.
Evoke which item? (* to show all) (? for menu, Esc to quit)
Aiming: Confuse
Press: ? - help, Shift-Dir - straight line, f/p - Sonja
Aim: Sonja, wielding a dagger of distortion (lightly wounded, chance to defeat MR: 71%) Sonja struggles to resist.
This wand has 22 charges left.
Sonja hits you with an uncursed dagger of distortion.
Space bends around you.
* * * LOW HITPOINT WARNING * * *
Sonja hits you but does no damage. Space warps horribly around you!
You die...

#####.....##.#####..>.# *
.###.#............#.#.#
** ,
....................... ,
, .............=.........
, ...(..................
,,,,,
..................... , ,
, ...........####..#... ,
, , P##.###..........# ..
,, ,
###..##...P....K@#...,,
** * * *
#.###...#............# *
,,..##....#.............,
,, ,
...###...#......#.....# ,
....# #...#......#.....#
, , , ....#
...........#.....# *
##..###...#......# ....#*
..## ,..#.?....# ..... ,
* ,*** . #......#,


You could see Sonja.

Vanquished Creatures
  2 two-headed ogres (D:9)
  An unseen horror (D:10)
  The ghost of Voxish the Spear-Bearer, a novice MfCK of Xom (D:7)
  Maurice (D:8)
  Joseph (D:8)
  A black mamba (Lair:1)
  A queen bee (D:10)
  A troll (D:10)
  3 hippogriffs
  Sigmund (D:5)
  The ghost of Gorglomux the Skirmisher, an amateur OgAM (D:3)
  A wyvern (Lair:1)
  A wraith (D:10)
  A hungry ghost (D:7)
  Duvessa (D:4)
  3 water moccasins
  4 ice beasts
  2 black bears
  3 orc warriors
  5 ogres
  2 phantoms
  A crocodile (Lair:1)
  7 centaurs
  2 big kobolds
  5 bullfrogs
  A wyvern zombie (D:5)
  An elf zombie (Ossuary)
  Dowan (D:4)
  27 killer bees
  2 scorpions
  6 howler monkeys
  5 crimson imps
  2 centaur zombies
  2 centaur skeletons
  A jelly (D:9)
  4 hounds
  A bullfrog skeleton (D:6)
  2 orc priests
  6 orc wizards
  2 iguanas
  3 worker ants
  A big kobold zombie (Ossuary)
  A hound skeleton (D:8)
  3 mummies
  A howler monkey zombie (D:10)
  14 adders
  3 gnolls (D:5)
  2 shadow imps
  An ooze (D:3)
  6 adder zombies
  A worm (D:2)
  3 dart slugs (D:1)
  4 leopard geckos
  34 orcs
  7 giant cockroaches
  10 goblins
  11 hobgoblins
  6 jackals
  10 kobolds
  5 quokkas
  4 bats
  4 frilled lizards
  A giant cockroach zombie (D:5)
  A goblin zombie (Ossuary)
  8 hobgoblin zombies (Ossuary)
  8 kobold zombies (Ossuary)
  10 orc zombies (Ossuary)
  A quokka skeleton (D:5)
  11 rats
  4 rat zombies (Ossuary)
293 creatures vanquished.

Vanquished Creatures (others)
  An orc wizard (D:9)
  A worker ant (D:6)
2 creatures vanquished.

Grand Total: 295 creatures vanquished

Notes
Turn   | Place    | Note
-------+----------+-------------------------------------------
     0 | D:1      | Gorglomux the Deep Dwarf Berserker began the quest for the Orb.
     0 | D:1      | Reached XP level 1. HP: 20/20 MP: 1/1
   106 | D:1      | Reached XP level 2. HP: 20/27 MP: 2/2
   106 | D:1      | Reached skill level 4 in Axes
   609 | D:2      | Reached XP level 3. HP: 25/33 MP: 3/3
   798 | D:2      | Reached skill level 5 in Axes
   862 | D:2      | Reached ** piety under Trog
  1069 | D:2      | Reached XP level 4. HP: 40/40 MP: 4/4
  1283 | D:2      | Found a bloodstained altar of Trog.
  1791 | D:3      | Reached skill level 6 in Axes
  2030 | D:3      | Noticed Gorglomux's ghost (amateur OgAM)
  2050 | D:3      | Killed Gorglomux's ghost
  2050 | D:3      | Reached skill level 7 in Axes
  2050 | D:3      | Reached XP level 5. HP: 46/46 MP: 5/5
  2050 | D:3      | Reached XP level 6. HP: 55/55 MP: 6/6
  2170 | D:4      | Noticed Duvessa
  2170 | D:4      | Noticed Dowan
  2180 | D:4      | Killed Dowan
  2180 | D:4      | Reached skill level 8 in Axes
  2183 | D:4      | Killed Duvessa
  2218 | D:4      | Found Wublil's Distillery.
  2225 | D:4      | Reached XP level 7. HP: 53/61 MP: 7/7
  2226 | D:4      | Reached skill level 9 in Axes
  2285 | D:4      | Found Sitruduq's Antique Weapon Shop.
  2426 | D:4      | Found a blossoming altar of Fedhas.
  2470 | D:4      | Found Tuecog's Antique Weapon Shop.
  2595 | D:4      | Bought a potion of curing for 39 gold pieces
  2595 | D:4      | Bought a potion of degeneration for 13 gold pieces
  2595 | D:4      | Bought a potion of lignification for 39 gold pieces
  2595 | D:4      | Bought a potion of agility for 52 gold pieces
  2635 | D:4      | Found Dejyxo's Weapon Boutique.
  2641 | D:4      | Reached skill level 10 in Axes
  2894 | D:5      | Entered Level 5 of the Dungeon
  2919 | D:5      | Found a white marble altar of Elyvilon.
  2930 | D:5      | Noticed Sigmund
  2945 | D:5      | Killed Sigmund
  2945 | D:5      | Reached XP level 8. HP: 54/68 MP: 8/8
  3011 | D:5      | Reached skill level 11 in Axes
  3093 | D:5      | Reached *** piety under Trog
  3588 | D:6      | Reached skill level 12 in Axes
  3743 | D:6      | Found a sand-covered staircase.
  3752 | Ossuary  | Entered an ossuary
  3865 | Ossuary  | Reached **** piety under Trog
  3873 | Ossuary  | Reached skill level 3 in Fighting
  3881 | Ossuary  | Reached skill level 3 in Armour
  3881 | Ossuary  | Reached skill level 3 in Dodging
  4334 | D:6      | Gained mutation: You passively map the area around you. [Deep Dwarf growth]
  4334 | D:6      | Reached XP level 9. HP: 44/76 MP: 9/9
  4421 | D:6      | Found an iron altar of Okawaru.
  4512 | D:6      | Found a staircase to the Ecumenical Temple.
  5133 | D:7      | Found a glowing golden altar of the Shining One.
  5434 | D:7      | Noticed Voxish's ghost (novice MfCK)
  5441 | D:7      | Killed Voxish's ghost
  5682 | D:8      | Reached skill level 6 in Armour
  5682 | D:8      | Reached skill level 6 in Dodging
  5692 | D:8      | Noticed Joseph
  5713 | D:8      | Killed Joseph
  5719 | D:8      | Reached XP level 10. HP: 75/91 MP: 10/10
  5842 | D:8      | Noticed Maurice
  5858 | D:8      | Killed Maurice
  5858 | D:8      | Reached skill level 6 in Fighting
  5961 | D:8      | Reached ***** piety under Trog
  6370 | D:9      | Noticed a two-headed ogre
  6453 | D:9      | Killed a two-headed ogre
  6828 | D:9      | Found a sacrificial altar of Ru.
  6833 | D:9      | Found a burning altar of Makhleb.
  6833 | D:9      | Found a sparkling altar of Nemelex Xobeh.
  6848 | D:9      | Got a dazzling ring mail
  6859 | D:9      | Identified the +2 ring mail "Tolick" {Dex+4 SInv} (You found it on level 9 of the Dungeon)
  7012 | D:4      | Bought a runed broad axe for 210 gold pieces
  7235 | D:9      | Noticed a two-headed ogre
  7242 | D:9      | Killed a two-headed ogre
  7363 | D:10     | Entered Level 10 of the Dungeon
  7373 | D:10     | Reached skill level 3 in Evocations
  7386 | D:10     | Reached XP level 11. HP: 96/100 MP: 12/12
  7583 | D:10     | Found a staircase to the Lair.
  7903 | D:10     | Received a gift from Trog
  8032 | D:10     | Noticed an unseen horror
  8048 | D:10     | Killed an unseen horror
  8350 | Lair:1   | Entered Level 1 of the Lair of Beasts
  8460 | Lair:1   | Noticed Sonja
  8521 | Lair:1   | Slain by Sonja

Vault maps used:
D:1:      dpeg_arrival_brainrot, minmay_misc_feat_doors
D:2:      marbit_many_paths, first_bread
D:4:      fedhas_altar_3, serial_shops, shop, nicolae_shop_waterfront, shop,
          nicolae_shop_waterfront, guppyfry_early_lair_pool, uniq_duvessa,
          uniq_sigmund
D:5:      elyvilon_altar_4
D:6:      temple_hall, gup_ossuary_entry_pyramid, okawaru_gym_becter
D:7:      corexii_shack_village, tso_metal_star
D:8:      uniq_maurice, uniq_joseph
D:9:      grunt_temple_overflow_open
D:10:     lair_entry_dummy, david_nohive_1
Lair:1:   serial_bayou_shore_a, grunt_megastairs_5, uniq_sonja
Ossuary:  ossuary_tomb_1

Skill      XL: |  1  2  3  4  5  6  7  8  9 10 11 |
---------------+----------------------------------+-----
Axes           | 4 5 7 8 10 12 | 12.9
Fighting       | 3 5 7 8 |  8.3
Armour         | 3 6 8 |  8.0
Dodging        | 3 6 8 |  8.0
Evocations     | 3 5 |  5.8

Action                   |  1- 3 |  4- 6 |  7- 9 | 10-12 || total
-------------------------+-------+-------+-------+-------++-------
Melee: Hand axe          |    99 |   117 |   289 |       ||   505
       War axe           |       |       |   123 |   182 ||   305
       Broad axe         |       |       |       |   162 ||   162
 Fire: Blowgun           |       |     2 |     1 |     5 ||     8
Throw: Tomahawk          |       |       |    10 |    14 ||    24
       Javelin           |       |       |       |     1 ||     1
Invok: Berserk           |     6 |     6 |    18 |     9 ||    39
       Trog's Hand       |     1 |     2 |     8 |     7 ||    18
 Abil: Heal Wounds       |     1 |       |     1 |     3 ||     5
Evoke: Wand              |       |       |       |     6 ||     6
  Use: Scroll            |       |     1 |     9 |    11 ||    21
 Stab: Confused          |       |       |       |     2 ||     2
  Eat: Chunk             |     6 |    10 |    29 |    20 ||    65
       Royal jelly       |       |       |     2 |       ||     2
       Fruit             |       |       |       |     3 ||     3
Armor: Animal skin       |    13 |       |       |       ||    13
       Leather armour    |     2 |    12 |       |       ||    14
       Chain mail        |       |    41 |   151 |   210 ||   402
Dodge: Dodged            |    59 |    45 |   182 |   293 ||   579
